AoeStats
← [GDL] BlairLucky

Lombardia

509910768Analyzed
2v2 RM · 2d ago on Sep 28, 2026· 30m 26s· 4 players
Game mode
Random Map
Map size
Medium (4 player)
Population
200
Speed
Normal
Resources
Standard
Victory
Conquest
Starting age
Dark Age
Ending age
Imperial Age
RankedLock teamsTeams togetherTeam positionsShared explorationLock speedFull tech treeHidden civsTurbo modeCheats
Victory
Defeat
🇵🇪 Britons · Peru
1087
+14
🇲🇽 Armenians · Mexico
1068
+15
🇪🇸 Byzantines · Spain
1093
-16
🇪🇸 Aztecs · Spain
1009
-13
TheDafey
2:29 Loom
13:13 Feudal Age
19:32 Castle Age
Barcelona007
3:27 Loom
7:13 Loom
9:53 Feudal Age
11:24 Wheelbarrow
10:44 Double-Bit Axe
17:22 Padded Archer Armor
17:12 Horse Collar
19:14 Fletching
26:07 Castle Age
25:32 Gold Mining
26:25 Forging
26:43 Scale Barding Armor
26:48 Bodkin Arrow
27:11 Leather Archer Armor
26:18 Elite Skirmisher
CrisMAT9
8:41 Loom
11:06 Feudal Age
11:32 Man-at-Arms
12:00 Double-Bit Axe
17:21 Horse Collar
20:29 Long Swordsman
21:11 Scale Mail Armor
23:24 Castle Age
22:19 Forging
21:56 Arson
23:43 Gold Mining
24:29 Squires
23:51 Two-Handed Swordsman
24:47 Chain Mail Armor
24:44 Bow Saw
24:28 Two-Handed Swordsman
24:56 Gambesons
[GDL] BlairLucky
7:04 Loom
9:08 Feudal Age
10:31 Double-Bit Axe
12:14 Fletching
12:28 Padded Archer Armor
17:53 Town Watch
21:46 Castle Age
20:36 Gold Mining
20:42 Horse Collar
21:59 Wheelbarrow
22:02 Crossbowman
23:19 Bodkin Arrow
24:50 Leather Archer Armor
25:18 Bow Saw
27:01 Ballistics
29:13 Fervor
Connection lost

Rejoining the realm…

Still unreachable

The connection could not be restored.

Session expired

The server has moved on; the page needs a fresh start.